 Dungeon Crawl Stone Soup version 0.24.0-123-gd5b16e6ec5 (webtiles) character file.

Game seed: 11813355731343960092, levelgen mode: deterministic

1115 Bergy the Basher (level 8, -3/46 HPs)
             Began as a Gargoyle Fighter on Dec 31, 2019.
             Was a Follower of Makhleb.
             Slain by a hornet zombie (6 damage)
             ... on level 6 of the Dungeon.
             The game lasted 00:12:08 (5379 turns).

Bergy the Basher (Gargoyle Fighter)                 Turns: 5379, Time: 00:12:09

Health: -3/46      AC: 14    Str: 22    XL:     8   Next: 34%
Magic:  8/8        EV:  5    Int:  9    God:    Makhleb [*.....]
Gold:   172        SH:  9    Dex:  9    Spells: 7/7 levels left

rFire    . . .     SeeInvis .   a - +0 flail
rCold    . . .     Gourm    .   c - +0 shield
rNeg     + . .     Faith    .   m - +0 chain mail
rPois    ∞         Spirit   .   (no helmet)
rElec    +         Reflect  .   (no cloak)
rCorr    .         Harm     .   (no gloves)
MR       .....                  (no boots)
Stlth    ..........             e - amulet of magic regeneration
HPRegen  0.15/turn              (no ring)
MPRegen  0.36/turn              (no ring)

@: no status effects
A: negative energy resistance 1, electricity resistance, unbreathing,
petrification resistance, rot immunity, AC +5
a: Renounce Religion


You were on level 6 of the Dungeon.
You worshipped Makhleb.
Makhleb was aware of your devotion.
You were not hungry.

You visited 1 branch of the dungeon, and saw 6 of its levels.

You collected 172 gold pieces.

Inventory:

Hand Weapons
 a - a +0 flail (weapon)
Armour
 c - a +0 shield (worn)
 m - a +0 chain mail (worn)
 r - a +0 plate armour
Jewellery
 e - an amulet of magic regeneration (around neck)
Wands
 u - a wand of scattershot (7)
 v - a wand of digging (4)
Scrolls
 b - 6 scrolls of teleportation
 i - a scroll of immolation {unknown}
 j - a scroll of fear {unknown}
 l - a scroll of enchant weapon {unknown}
 n - 4 scrolls of remove curse
 o - a scroll of enchant armour {unknown}
 p - 2 scrolls of fog
 s - a scroll of identify
 t - a scroll of random uselessness {unknown}
 x - a scroll of noise {unknown}
Potions
 d - a potion of might
 g - 2 potions of curing
 h - a potion of resistance {unknown}
 q - a potion of mutation {unknown}
 w - a potion of heal wounds
Comestibles
 f - 12 rations
 k - 11 chunks of flesh


   Skills:
 - Level 3.2 Fighting
 * Level 9.8 Maces & Flails
 - Level 3.2 Armour
 - Level 3.2 Shields


You had 7 spell levels left.
You didn't know any spells.
Your spell library contained the following spells:

 Spells                   Type           Power        Failure   Level  Hunger
 Corona                   Hex            #......      100%        1    ##.....
 Ensorcelled Hibernation  Hex/Ice        #.....       100%        2    ###....
 Confuse                  Hex            #.......     100%        3    ####...
 Dazzling Spray           Conj/Hex       #.....       100%        3    ####...
 Tukima's Dance           Hex            #.......     100%        3    ####...


Dungeon Overview and Level Annotations

Branches:
Dungeon (6/15)             Temple (0/1) D:5

Altars:
Elyvilon
Makhleb
Vehumet
The Shining One


Innate Abilities, Weirdness & Mutations

You are resistant to torment.
Your stone body is resilient. (AC +5)
You are immune to poison.
You resist negative energy. (rN+)
You are resistant to electric shocks. (rElec)
You can survive without breathing.
You are immune to petrification.
You are immune to rotting.


Message History

You are too injured to fight recklessly!
You are too injured to fight recklessly!
You are too injured to fight recklessly!
The hornet zombie hits you but does no damage.
You closely miss the hornet zombie.
The hornet zombie is moderately damaged.
The hornet zombie hits you. x2
* * * LOW HITPOINT WARNING * * *
Your shield and chain mail prevent you from hitting the hornet zombie.
The hornet zombie is moderately damaged.
The hornet zombie hits you.
* * * LOW HITPOINT WARNING * * *
You closely miss the hornet zombie.
The hornet zombie is moderately damaged.
The hornet zombie hits you.
* * * LOW HITPOINT WARNING * * *
You barely miss the hornet zombie.
The hornet zombie is moderately damaged.
The hornet zombie hits you.
You die...

#### ... #########.#
#.@Z....(.#
#.....#...# #
#....###..### #
.###...##_##... #.
.........'##..#.#
##.##.##...P..#...#.#
#.... #..P≈P.......#
.....###..P≈.....##.#
#..#..........⌠.##


You could see a hornet zombie.

Vanquished Creatures
  Grinder (D:4)
  An ice beast (D:5)
  A phantom (D:4)
  A bullfrog (D:6)
  2 scorpions
  A howler monkey (D:6)
  A bullfrog skeleton (D:5)
  A centaur zombie (D:5)
  2 hounds
  4 orc wizards
  3 worker ants
  Terence (D:1)
  Natasha (D:3)
  An iguana (D:4)
  A hound skeleton (D:6)
  5 adders
  An ooze (D:1)
  2 worms
  A dart slug (D:2)
  A leopard gecko (D:1)
  12 orcs
  8 giant cockroaches
  6 hobgoblins
  5 jackals
  3 quokkas
  7 bats
  8 frilled lizards
  9 goblins
  A jackal skeleton (D:5)
  5 kobolds
  A leopard gecko skeleton (D:5)
  A quokka skeleton (D:4)
  7 rats (D:1)
  A bush (D:1)
  A plant (D:1)
107 creatures vanquished.

Notes
Turn   | Place    | Note
-------+----------+-------------------------------------------
     0 | D:1      | Bergy the Gargoyle Fighter began the quest for the Orb.
     0 | D:1      | Reached XP level 1. HP: 14/14 MP: 1/1
    98 | D:1      | Reached XP level 2. HP: 17/19 MP: 2/2
   231 | D:1      | Reached skill level 3 in Maces & Flails
   790 | D:1      | Reached XP level 3. HP: 23/23 MP: 3/3
  1261 | D:2      | Noticed Terence
  1278 | D:1      | Killed Terence
  1278 | D:1      | Reached skill level 4 in Maces & Flails
  1278 | D:1      | Reached XP level 4. HP: 28/28 MP: 4/4
  2151 | D:3      | Noticed Natasha
  2159 | D:3      | Killed Natasha
  2159 | D:3      | Reached skill level 5 in Maces & Flails
  2159 | D:3      | Reached XP level 5. HP: 22/32 MP: 5/5
  2908 | D:4      | Noticed Grinder
  2963 | D:4      | Paralysed by Grinder for 4 turns
  2970 | D:4      | Killed Grinder
  2970 | D:4      | Reached skill level 7 in Maces & Flails
  2970 | D:4      | Reached XP level 6. HP: 31/37 MP: 6/6
  3087 | D:4      | Reached XP level 7. HP: 41/41 MP: 7/7
  3255 | D:4      | Found a burning altar of Makhleb.
  3264 | D:4      | Became a worshipper of Makhleb the Destroyer
  3431 | D:4      | Reached skill level 8 in Maces & Flails
  4056 | D:4      | Found a white marble altar of Elyvilon.
  4084 | D:5      | Entered Level 5 of the Dungeon
  4381 | D:5      | Reached skill level 9 in Maces & Flails
  4452 | D:5      | Reached XP level 8. HP: 46/46 MP: 8/8
  4561 | D:5      | Found a staircase to the Ecumenical Temple.
  4799 | D:5      | Found a radiant altar of Vehumet.
  5275 | D:6      | Reached * piety under Makhleb
  5348 | D:6      | Found a glowing golden altar of the Shining One.
  5379 | D:6      | Slain by a hornet zombie

Levels and vault maps discovered:
D:1:      dpeg_arrival_court, layout_loops_ring, serial_forest,
          infiniplex_forest_clump_curved, infiniplex_forest_lined_2,
          infiniplex_forest_clump_medium, infiniplex_forest_clump_small,
          infiniplex_forest_clump_curved, infiniplex_forest_lined_2,
          infiniplex_forest_clump_long, infiniplex_forest_straight_1,
          infiniplex_forest_end_3, hangedman_glass_teeth, st_stairs_7
D:2:      layout_basic, uniq_terence
D:3:      layout_basic, minmay_large_rounded_square, uniq_natasha
D:4:      layout_basic, overflow_temple_1_default,
          nicolae_overflow_hidden_temple, uniq_grinder
D:5:      layout_basic, minmay_temple_entry_fiery, first_ration, basic_altar
D:6:      layout_loops_cross, kennysheep_little_box, lemuel_round_altar,
          tso_oasis_becter, uniq_blork_the_orc

Skill      XL: |  1  2  3  4  5  6  7 |
---------------+----------------------+-----
Maces & Flails | 3 4 5 7 9 |  9.8
Fighting       | |  3.2
Armour         | |  3.2
Shields        | |  3.2

Action                   |  1- 3 |  4- 6 |  7- 9 || total
-------------------------+-------+-------+-------++-------
Melee: Flail             |   201 |   220 |   182 ||   603
  Use: Scroll            |       |     3 |     5 ||     8
       Potion            |       |     1 |       ||     1
  Eat: Ration            |     1 |       |     1 ||     2
       Chunk             |       |     5 |     4 ||     9
Armor: Scale mail        |    47 |     4 |       ||    51
       Chain mail        |       |    98 |    97 ||   195
Dodge: Dodged            |    29 |    44 |    20 ||    93
Block: Shield            |    50 |   111 |    43 ||   204
